 Dungeon Crawl Stone Soup version 0.31-a0-121-g1e386dd289 (webtiles) character file.

Game seed: 12438277396636867498

16 Iich the Trooper (level 2, 24/24 HPs)
             Began as a Demonspawn Fighter on May 28, 2023.
             Got out of the dungeon alive.
             The game lasted 00:01:06 (348 turns).

Iich the Trooper (Demonspawn Fighter)                Turns: 348, Time: 00:01:07

Health: 24/24      AC:  8    Str: 16    XL:     2   Next: 41%
Magic:  2/2        EV:  8    Int:  9    God:
Gold:   35         SH:  4    Dex: 12    Spells: 1/1 levels left

rFire   . . .        a - +0 war axe
rCold   . . .        c - +0 buckler
rNeg    . . .        b - +0 scale mail
rPois   .            (no helmet)
rElec   .            (no cloak)
rCorr   .            (no gloves)
SInv    .            (no boots)
Will    .....        (no amulet) Stlth
                     (no ring)
HPRegen 0.24/turn    (no ring)
MPRegen 0.08/turn

%: no passive effects
@: no status effects
A: thin metallic scales 1
a: no special abilities


You escaped.
You visited 1 branch of the dungeon, and saw 1 of its levels.

You collected 35 gold pieces.

Inventory:

Hand Weapons
 a - a +0 war axe (weapon)
Armour
 b - a +0 scale mail (worn)
 c - a +0 buckler (worn)
Potions
 d - a potion of might


   Skills:
 + Level 3.2 Fighting
 * Level 2.5 Axes
 - Level 2.6 Armour
 - Level 2.6 Shields


You had one spell level left.
You didn't know any spells.
Your spell library contained the following spells:

 Spells                   Type           Power      Damage    Failure   Level
 Freeze                   Ice            0%         1d3       88%         1
 Sting                    Tmut/Pois      0%         1d3       88%         1
 Poisonous Vapours        Pois/Air       0%         N/A       96%         2
 Frozen Ramparts          Ice            0%         1d1       99%         3
 Hailstorm                Conj/Ice       0%         3d3       99%         3
 Olgreb's Toxic Radiance  Pois           0%         N/A       100%        4


Dungeon Overview and Level Annotations

Branches:
Dungeon (1/15)

Altars:


Innate Abilities, Weirdness & Mutations

You are partially covered in thin metallic scales. (AC +2)


Message History

You closely miss the hobgoblin. You hit the dart slug.
You block the hobgoblin's attack.
The dart slug bites you but does no damage.
You closely miss the hobgoblin. You hit the dart slug but do no damage.
You block the hobgoblin's attack. The hobgoblin closely misses you.
The dart slug barely misses you.
You hit the hobgoblin.
The hobgoblin is moderately wounded.
You hit the dart slug. The hobgoblin misses you.
The dart slug launches a dart at you. The slug dart misses you.
You slash the hobgoblin!
You kill the hobgoblin!
You slash the dart slug!
You kill the dart slug!
Unknown command.
(D) Dungeon
Where to? (? - help)
What level of the Dungeon? (default 1, ? - help)
A goblin comes into view. It is wielding a +0 club.
Found 6 gold pieces.
The goblin throws a stone.
The stone hits you but does no damage.
The goblin throws a stone.
The stone closely misses you.
The goblin throws a stone.
The stone hits you but does no damage.
The goblin throws a stone.
You block the stone.
You barely miss the goblin. You block the goblin's attack.
You slash the goblin!
You kill the goblin!
No target in view!
No target in view!
Things that are here:
a +0 club; 5 stones; a goblin corpse You now have 35 gold pieces (gained 6).
You pick up a Young Poisoner's Handbook and begin reading...
You add the spells Sting, Poisonous Vapours and Olgreb's Toxic Radiance to your library.
Health restored: 24
There is a staircase leading out of the dungeon here.
You can't go down here!
Are you sure you want to leave the Dungeon?
This will make you lose the game!
You have escaped!

####### #.....### #####
#.###...###...######
#.#.............#..##
#.#.............#...
#....###...###....#
#....#@......#...# ##
#....#.......#...## #.
#.#.............#.####.
#.#......#...[..#......
#.#.............#.###.#
##....#.....).#...## #.#
#.....#......>#...####.#
##....###...###.........
#.#..)..........#####..


There were no monsters in sight!

Vanquished Creatures
  A dart slug (D:1)
  3 endoplasms (D:1)
  2 giant cockroaches (D:1)
  A goblin (D:1)
  3 hobgoblins (D:1)
  A frilled lizard (D:1)
  A kobold (D:1)
12 creatures vanquished.

Notes
Turn   | Place    | Note
-------+----------+-------------------------------------------
     0 | D:1      | Iich the Demonspawn Fighter began the quest for the Orb.
     0 | D:1      | Reached XP level 1. HP: 18/18 MP: 1/1
   150 | D:1      | Upgraded the game from 0.31-a0-112-gdf0485fa37 to
                  | 0.31-a0-121-g1e386dd289
   247 | D:1      | Gained mutation: You are partially covered in thin metallic
                  | scales. (AC +2) [demonic ancestry]
   247 | D:1      | Reached XP level 2. HP: 24/24 MP: 2/2
   348 | D:$      | Got out of the dungeon alive.

Illustrated notes

Levels and vault maps discovered:
D:1:      minmay_arrival_open_corners, layout_loops_ring, minmay_tetromino_i4

Skill      XL: |  1 |
---------------+----+-----
Axes           | 2 |  2.5
Fighting       | |  3.2
Armour         | |  2.6
Shields        | |  2.6

Action                     || total
---------------------------++-------
  Melee: War axe           ||    57
 Armour: Scale mail        ||    29
  Dodge: Dodged            ||    23
  Block: Buckler           ||    11

Table legend: (Time is in decaauts)
 A = Elapsed time spent in this place.
 B = Non-inter-level travel time spent in this place.
 C = Inter-level travel time spent in this place.
 D = Time resting spent in this place.
 E = Time spent auto-exploring this place.
 F = Levels seen in this place.
 G = Mean time per level.
                   A        B        C        D        E       F      G
               +--------+--------+--------+--------+--------+-----+--------+
         Total |    373 |    371 |      2 |      0 |    217 |   1 |  373.0 |
       Dungeon |    373 |    371 |      2 |      0 |    217 |   1 |  373.0 |
               +--------+--------+--------+--------+--------+-----+--------+

Top non-repeatable levels by time:
     D:1: 373 daAuts
